 Dungeon Crawl Stone Soup version 0.30-a0-393-g54b8e3be05 (webtiles) character file.

Game seed: 4044013205114200235

258277 billz999 the Devastator (level 19, -13/214 HPs)
             Began as an Octopode Earth Elementalist on Dec 5, 2022.
             Was an Elder of Jiyva (penitent).
             Killed from afar by a Hell Sentinel (38 damage)
             ... with an iron shot
             ... on level 2 of the Vaults on Dec 6, 2022.
             The game lasted 02:11:49 (33621 turns).

billz999 the Devastator (OpEE)                     Turns: 33621, Time: 02:11:49

Health: -13/214    AC: 30    Str: 14      XL:     19   Next: 35%
Magic:  25/45      EV:  9    Int: 17 (27) God:    Jiyva [****..]
Gold:   270        SH: 12    Dex: 14 (15) Spells: 11/44 levels left

rFire   . . .      SeeInvis +    I - +6 long sword of the Fae God {vorpal, rElec Int+3 SInv}
rCold   + + +      Faith    .    r - +0 kite shield
rNeg    + . .      Spirit   .    (helmet restricted)
rPois   ∞          Reflect  .    S - amulet of Elyvilon's Benevolence {RegenMP rElec Will+}
rElec   +          Harm     .    x - +4 ring of protection
rCorr   .          Rampage  .    z - ring of magical power
Will    ++...                    E - ring of flight
Stlth   ++++......               l - ring of poison resistance
HPRegen 0.55/turn                G - ring of protection from cold
MPRegen 0.69/turn                K - ring of wizardry
                                 X - ring of protection from cold
                                 (no ring)

@: mighty, statue-form, flying, hasted, constricted
A: slow and powerful, torment resistance 1, boosted hp, almost no armour,
amphibious, 8 rings, camouflage 1, (gelatinous body 1), (nimble swimmer 1),
tentacles, tentacle spike 1, (iridescent scales 2), agile 1, clever 1, cold
resistance 1, sense surroundings 1, robust 3, strong 2, acidic bite, eyeballs 1,
pseudopods 2, tendrils
}: 3/15 runes: decaying, slimy, gossamer
a: End Transformation, Renounce Religion


You were on level 2 of the Vaults.
You worshipped Jiyva.
Jiyva was demanding penance.
You were a living statue of rough stone.
You visited 7 branches of the dungeon, and saw 38 of its levels.
You also visited: Sewer.

You collected 1260 gold pieces.
You spent 990 gold pieces at shops.

Inventory:

Hand Weapons
 c - the +9 flail of Ystresmo {venom, Dex+3}
   (You found it on level 5 of the Pits of Slime)

   It poisons the flesh of those it strikes.
   Dex:       It affects your dexterity (+3).
 A - the +8 mithril axe "Arga" {speed, Will+}
   (You found it on level 5 of the Lair of Beasts)

   Attacks with this weapon are significantly faster.
   Will:      It increases your willpower.
 C - a +2 battleaxe of freezing
 H - the +4 trident of Gallantry {venom, Int+3 Dex+4}
   (You found it on level 5 of the Pits of Slime)

   It poisons the flesh of those it strikes.
   Int:       It affects your intelligence (+3).
   Dex:       It affects your dexterity (+4).
 I - the +6 long sword of the Fae God (weapon) {vorpal, rElec Int+3 SInv}
   (You found it on level 5 of the Lair of Beasts)

   It inflicts extra damage upon your enemies.
   Int:       It affects your intelligence (+3).
   rElec:     It insulates you from electricity.
   SInv:      It lets you see invisible.
 P - the +2 dagger of Strategic Superiority {speed, rC++ SInv}
   (You found it on level 11 of the Dungeon)

   Attacks with this weapon are significantly faster.
   rC:        It greatly protects you from cold.
   SInv:      It lets you see invisible.
 Q - the +7 quarterstaff of the Mind {spect, Contam Str+7}
   (You took it off an orc priest on level 12 of the Dungeon)

   When its wielder attacks, the weapon's spirit leaps out and strikes again.
   The spirit shares a part of any damage it takes with its wielder.
   Str:       It affects your strength (+7).
   Contam:    It causes magical contamination when unequipped.
 V - the +6 triple crossbow of Unreason {flame, Fragile Str+2 Int+3 Dex+3}
   (You bought it in a shop on level 2 of the Orcish Mines)

   Any ammunition fired from it burns those it strikes, dealing additional fire
   damage.
   Str:       It affects your strength (+2).
   Int:       It affects your intelligence (+3).
   Dex:       It affects your dexterity (+3).
   Fragile:   It will be destroyed if unequipped.
Missiles
 v - a throwing net
Armour
 r - a +0 kite shield (worn)
Jewellery
 g - the amulet "Girryb Lulyi" {Faith rN+ Regen+ Str+2 Slay-5}
   (You found it on level 2 of the Vaults)

   [amulet of faith]

   It allows you to gain divine favour quickly.
   Str:       It affects your strength (+2).
   Slay:      It affects your accuracy & damage with ranged weapons and melee
   (-5).
   rN:        It protects you from negative energy.
   Regen:     It increases your rate of health regeneration.
 h - the ring "Jesom" {Fly Dex+6}
   (You found it on level 2 of the Vaults)

   [ring of flight]

   Dex:       It affects your dexterity (+6).
   Fly:       It grants you flight.
 l - a ring of poison resistance (on tentacle)
 x - a +4 ring of protection (left tentacle)
 z - a ring of magical power (right tentacle)
 E - a ring of flight (on tentacle)
 G - a ring of protection from cold (on tentacle)
 K - a ring of wizardry (on tentacle)
 S - the amulet of Elyvilon's Benevolence (around mantle) {RegenMP rElec Will+}
   (You found it on level 13 of the Dungeon)

   [amulet of magic regeneration]

   It increases your rate of magic regeneration.
   rElec:     It insulates you from electricity.
   Will:      It increases your willpower.
 X - a ring of protection from cold (on tentacle)
Wands
 b - a wand of paralysis (4)
 k - a wand of polymorph (8)
 m - a wand of flame (20)
 J - a wand of iceblast (3)
 R - a wand of mindburst (5)
Scrolls
 f - 3 scrolls of noise
 p - 4 scrolls of vulnerability
 q - 2 scrolls of brand weapon
 s - a scroll of enchant weapon
 t - 2 scrolls of poison
 u - 4 scrolls of fog
 D - a scroll of summoning
 F - a scroll of silence
 L - 3 scrolls of identify
 N - 4 scrolls of enchant armour
 U - a scroll of torment
 W - 2 scrolls of magic mapping
Potions
 a - 4 potions of magic
 d - 2 potions of attraction
 e - 2 potions of brilliance
 i - 2 potions of mutation
 j - 2 potions of berserk rage
 n - 5 potions of might
 o - a potion of ambrosia
 O - 3 potions of lignification {unknown}
 Y - a potion of haste
Miscellaneous
 M - a condenser vane (inert)


   Skills:
 - Level 10.4 Fighting
 - Level 6.7 Long Blades
 - Level 4.5 Dodging
 - Level 5.5 Stealth
 - Level 12.0 Shields
 + Level 13.4 Spellcasting
 - Level 16.1 Conjurations
 - Level 11.8 Summonings
 - Level 11.0 Transmutations
 * Level 15.0 Earth Magic


You had 11 spell levels left.
You knew the following spells:

 Your Spells              Type           Power      Damage    Failure   Level
a - Sandblast             Erth           100%       2d20      1%          1
b - Stone Arrow           Conj/Erth      100%       3d13      1%          3
c - Petrify               Tmut/Erth      53%        N/A       1%          4
d - Orb of Destruction    Conj           30%        9d10      6%          7
e - Spellforged Servitor  Conj/Summ      28%        N/A       13%         7
f - Lee's Rapid Deconstr  Erth           29%        3d15*     1%          5
g - Statue Form           Tmut/Erth      35%        N/A       3%          6

Your spell library contained the following spells:

 Spells                   Type           Power      Damage    Failure   Level
 Shock                    Conj/Air       100%       1d9       1%          1
 Summon Small Mammal      Summ           100%       N/A       1%          1
 Passwall                 Tmut/Erth      44%        N/A       1%          2
 Static Discharge         Conj/Air       76%        2-6/arc   1%          2
 Dazzling Flash           Conj/Hex       76%        N/A       1%          3
 Mephitic Cloud           Conj/Pois/Air  29%        N/A       1%          3
 Summon Guardian Golem    Hex/Summ       31%        N/A       1%          3
 Iskenderun's Mystic Bla  Conj/Tloc      38%        2d9       1%          4
 Leda's Liquefaction      Hex/Erth       18%        N/A       2%          4
 Apportation              Tloc           22%        N/A       4%          1
 Slow                     Hex            44%        N/A       4%          1
 Arcjolt                  Conj/Air       19%        1d29      4%          5
 Lightning Bolt           Conj/Air       19%        1d33      4%          5
 Alistair's Intoxication  Tmut/Pois      20%        N/A       14%         5
 Yara's Violent Unravell  Hex/Tmut       15%        3d8       14%         5
 Ozocubu's Armour         Ice            11%        N/A       16%         3
 Swiftness                Air            11%        N/A       16%         3
 Vhi's Electric Charge    Tloc/Air       22%        N/A       16%         3
 Conjure Ball Lightning   Conj/Air       19%        3x3d6     26%         6
 Starburst                Conj/Fire      19%        6d7       26%         6
 Airstrike                Air            5%         2d(1-17)  43%         4
 Metabolic Englaciation   Hex/Ice        5%         N/A       77%         5
 Silence                  Hex/Air        5%         N/A       77%         5
 Simulacrum               Ice/Necr       5%         N/A       99%         6
 Enfeeble                 Hex            5%         N/A       100%        7
 Chain Lightning          Conj/Air       19%        3d25      100%        9
 Fire Storm               Conj/Fire      19%        8d5       100%        9
 Shatter                  Erth           29%        3d24*     100%        9


Dungeon Overview and Level Annotations

Branches:
Dungeon (15/15)            Temple (0/1) D:6            Lair (5/5) D:8
  Swamp (4/4) Lair:3       Spider (4/4) Lair:3        Slime (5/5) Lair:4
    Orc (2/2) D:10            Elf (0/3) Orc:2        Vaults (3/5) D:14
 Depths (0/4) D:15          Sewer (visited)
  Crypt: Vaults:2-3

Altars:
Ashenzari
Cheibriados
Makhleb
Nemelex Xobeh
Ru
Sif Muna
Trog
Vehumet
Wu Jian
Jiyva

Shops:
D:8 [   D:12 *   D:13 [   Orc:2 (*[(((   Vaults:3 !

Portals:
Abyss: Vaults:2
Trove: D:13 (give 8 scrolls of blinking)

Annotations:
D:4 3 runed translucent doors, Bediveer's ghost, amateur SpHs; MakMorn's ghost, amateur AtFi
Lair:4 exclusion: oklob plant
Slime:5 Royal Jelly
Vaults:2 2 transporters, Ygreuj's ghost, veteran DsFi


Innate Abilities, Weirdness & Mutations

You are a living statue of rough stone.
Your actions are slow, but your melee attacks are powerful.
You are resistant to unholy torment.
Your maximum health is greatly increased.
You are immune to poison.
You cannot wear most types of armour.
You are amphibious.
You can wear up to eight rings at the same time.
Your skin changes colour to match your surroundings (Stealth+).
((Your rubbery body absorbs attacks. (AC +1, EV +1)))
((You are camouflaged when in or above water. (Stealth+)))
You have tentacles for arms and can constrict up to eight enemies at once.
One of your tentacles bears a spike.
((You are mostly covered in iridescent scales. (AC +4)))
You are agile. (Dex +4, Str/Int -1)
Your mind is acute. (Int +4, Str/Dex -1)
Your flesh is cold resistant. (rC+)
You passively map a small area around you.
You are extremely robust. (+30% HP)
Your muscles are very strong. (Str +8, Int/Dex -2)
You have acidic saliva.
Your body has grown eyes which may confuse attackers. (Acc +3)
Armour fits poorly on your large pseudopods.
You are covered in slimy tendrils that may disarm your opponents.


Message History

Unknown command.
Casting: Statue Form (mildly dangerous; 3% risk of failure)
Confirm with . or Enter, or press ? or * to list all spells.
Aiming: Stone Arrow (safe; 1% risk of failure)
Press: ? - help, Shift-Dir - straight line, f/p - profane servitor
Aim: a profane servitor (almost destroyed, umbra, 38% to hit)
The stone arrow hits the profane servitor!
The profane servitor is almost destroyed.
The profane servitor hits you but does no damage.
The profane servitor barely misses you.
The tentacled starspawn bites you but does no damage.
You block the tentacled starspawn's attack.
The profane servitor hits you but does no damage. x2
The starspawn tentacle constricts you.
Unknown command.
Casting: Stone Arrow (safe; 1% risk of failure)
Confirm with . or Enter, or press ? or * to list all spells.
Aiming: Orb of Destruction (dangerous; 6% risk of failure)
Press: ? - help, Shift-Dir - straight line, f/p - profane servitor
Aim: a profane servitor (almost destroyed, umbra)
The wavering orb of destruction weakly hits the profane servitor!
You blow up the profane servitor!
The tentacled starspawn barely misses you.
You block the tentacled starspawn's attack.
The starspawn tentacle constricts you.
Your life force feels restored.
Your Earth Magic skill increases to level 15!
Unknown command.
Casting: Orb of Destruction (dangerous; 6% risk of failure)
Confirm with . or Enter, or press ? or * to list all spells.
You summon a servant imbued with your destructive magic!
The tentacled starspawn bites you!!
* * * LOW HITPOINT WARNING * * *
You block the tentacled starspawn's attack.
The Hell Sentinel hits you but does no damage.
You block the Hell Sentinel's attack. The starspawn tentacle constricts you.
You feel very mighty all of a sudden. The Hell Sentinel gestures at you.
The iron shot hits you!!!
You die...

#........#
#.........
#...)>...#
#.....#...
#.....[..#
#....###..
######.###)#######
#.....#...
#......# #.p.....#
#.........
#......# #.......#
####.>...#
#.Λ....# #.....9.#
#.....# #│.....#
#.....1w# #.....#
#..<...# #.....X8#
####### #......#
#.....w.# #......#
#.......# ########
#########


You could see a Hell Sentinel, a tentacled starspawn, a vault warden, 2
starspawn tentacles and a friendly spellforged servitor (summoned).

Vanquished Creatures
  A profane servitor (Vaults:2)
  2 thorn hunters
  A fire giant (Vaults:2)
  3 emperor scorpions (Spider:4)
  Louise (Spider:2)
  7 ghost moths
  2 vault wardens (Vaults:2)
  A broodmother (Spider:4)
  3 very ugly things
  A curse skull (Vaults:3)
  A vampire knight (Vaults:3)
  3 ironbound preservers
  2 ironbound thunderhulks
  A deep elf demonologist (Vaults:2)
  4 dire elephants (Vaults:1)
  Azrael (D:15)
  2 bunyips (Swamp:2)
  Snorg (Lair:5)
  2 spark wasps (Spider:3)
  A yaktaur captain (Vaults:1)
  Fannar (Orc:2)
  2 entropy weavers
  A vault guard (Vaults:2)
  13 hydras
  An ice dragon (D:15)
  A ghost crab (Swamp:3)
  A spriggan air mage (Swamp:3)
  An ironbound frostheart (Vaults:2)
  3 two-headed ogres
  3 boulder beetles
  3 centaur warriors
  4 alligators
  7 death yaks
  A tengu warrior (D:15)
  3 orc high priests (Orc:2)
  A skeletal warrior (D:11)
  A pharaoh ant (Spider:4)
  3 steelbarb worms
  A sun moth (Spider:4)
  4 bog bodies
  2 spriggan druids
  2 swamp dragons
  2 goliath frogs
  3 orb spiders
  4 wizards
  2 deep elf pyromancers
  13 deep trolls
  6 lindwurms
  Pikel (D:4)
  A necromancer (D:15)
  12 wolf spiders
  3 orc knights
  An ironbound convoker (Vaults:2)
  2 will-o-the-wisps
  3 cyclopes
  4 manticores
  5 ugly things
  3 moths of wrath
  12 elephants
  3 black mambas
  8 torpor snails
  4 centaur zombies (D:10)
  A vault sentinel (Vaults:2)
  2 centaur skeletons (D:15)
  Maggie (Lair:1)
  5 cane toads
  3 unseen horror zombies (D:10)
  An efreet (D:14)
  2 unseen horrors
  3 freezing wraiths
  A rime drake (Lair:5)
  8 komodo dragons
  4 demonic crawlers
  3 yaktaurs
  5 trolls
  A guardian mummy (D:13)
  2 bloated husks
  3 tyrant leeches
  14 tarantellas
  2 meliai (Spider:1)
  13 dream sheep
  8 hornets
  7 polar bears
  Prince Ribbit (D:9)
  13 blink frogs
  A slime creature (Vaults:3)
  A raiju (shapeshifter) (D:13)
  11 jumping spiders
  5 shadows
  31 yaks
  4 vampires
  14 culicivoras
  14 spriggans
  5 wyverns
  7 humans (D:14)
  A nameless horror (Swamp:4)
  2 wraiths
  2 fire elementals (D:15)
  A redback simulacrum (D:15)
  11 vampire mosquitoes
  2 steam dragons
  27 redbacks
  4 wargs
  3 acid dragons
  12 swamp worms
  7 water moccasins
  Duvessa (D:4)
  2 hell hounds (D:15)
  12 orc warriors
  6 swamp drakes
  2 ice beasts
  A boggart (D:15)
  4 black bears
  A sky beast (D:7)
  35 wolves
  4 ogres
  2 centaurs
  A lemure (D:3)
  9 bullfrogs
  3 kobold brigands
  2 scorpions
  2 gnoll sergeants
  2 wights (D:6)
  Dowan (D:4)
  10 killer bees
  2 howler monkeys
  3 electric eels
  4 hounds
  19 orc priests
  3 gnoll boudas
  An iguana (D:5)
  9 orc wizards
  Natasha (twice) (D:4)
  Robin (D:3)
  25 gnolls
  8 adders
  7 river rats
  A white imp (D:6)
  3 worms
  4 dart slugs
  43 orcs
  An endoplasm (D:1)
  4 giant cockroaches
  7 hobgoblins
  15 kobolds
  3 quokkas
  2 training dummies (Orc:2)
  3 ball pythons (D:3)
  7 bats
  9 frilled lizards
  7 goblins
  8 rats
  A starspawn tentacle (Vaults:2)
761 creatures vanquished.

Vanquished Creatures (collateral kills)
  Jorgrun (Orc:1)
  Zenata (Vaults:1)
  Rupert (D:14)
  Asterion (Vaults:1)
  A fenstrider witch (Swamp:3)
  A frost giant (Vaults:2)
  4 emperor scorpions (Spider:4)
  Aizul (Swamp:2)
  4 ironbound preservers
  A stone giant (Vaults:1)
  A war gargoyle (Vaults:1)
  A broodmother (Spider:1)
  3 very ugly things
  3 ironbound thunderhulks
  An eleionoma (Swamp:1)
  A spark wasp (Spider:1)
  6 dire elephants
  2 ice dragons (D:15)
  A yaktaur captain (Vaults:1)
  8 hydras
  A peacekeeper (Vaults:1)
  2 radroaches (Spider:4)
  An ironbound frostheart (Vaults:2)
  Erica (D:8)
  2 centaur warriors
  A catoblepas (Lair:3)
  3 boulder beetles
  4 alligators
  A two-headed ogre (D:12)
  2 orc high priests (Orc:2)
  2 spriggans (Swamp:2)
  3 skeletal warriors
  3 pharaoh ants
  5 deep trolls
  2 goliath frogs
  2 steelbarb worms
  3 orb spiders
  3 spriggan druids (Swamp:4)
  6 swamp dragons (Swamp:4)
  4 ironbound convokers
  3 lindwurms (Vaults:1)
  6 ugly things
  8 wolf spiders
  2 orc knights
  A cyclops (D:14)
  2 will-o-the-wisps
  Joseph (D:7)
  4 vault sentinels
  An elephant (Lair:5)
  A naga mage (D:15)
  A demonic crawler (Spider:3)
  3 torpor snails
  A komodo dragon (Lair:5)
  7 yaktaurs
  A slime creature (Vaults:3)
  A meliai (Spider:1)
  A bloated husk (Swamp:3)
  6 hornets
  A tyrant leech (Swamp:1)
  3 trolls
  4 tarantellas
  A blink frog (Lair:3)
  9 jumping spiders
  11 culicivoras
  6 humans (D:14)
  A centaur simulacrum (D:15)
  2 fire elementals (D:15)
  A wyvern (Lair:3)
  16 redbacks
  5 vampire mosquitoes
  A steam dragon (D:7)
  5 swamp worms
  2 wargs (Orc:2)
  2 swamp drakes (Swamp:4)
  An ice beast (D:7)
  8 orc warriors
  A sky beast (D:7)
  2 ogres (Orc:2)
  A wight (D:6)
  2 orc priests
  5 orc wizards
  A boggart skeleton (D:15)
  6 orcs
  A training dummy (Orc:2)
242 creatures vanquished.

Vanquished Creatures (others)
  A cacodemon (Vaults:2)
  An ironbound thunderhulk (Vaults:2)
  2 great orbs of eyes
  An entropy weaver (Vaults:3)
  A yaktaur captain (Vaults:3)
  A two-headed ogre (shapeshifter) (Vaults:2)
  2 centaur warriors (D:14)
  A vampire mage (Vaults:3)
  An ironbound convoker (Vaults:2)
  A deep troll (Vaults:1)
  A shining eye (shapeshifter) (D:14)
  3 yaktaurs
  2 hornets
  13 slime creatures
  A tarantella (Vaults:3)
  A blink frog (Lair:4)
  2 dream sheep (Lair:5)
  A spriggan (Lair:5)
  2 wyverns
  3 humans (D:14)
  3 yaks
  A fire elemental (D:15)
  A floating eye (Lair:4)
  2 wargs (Orc:2)
  2 water moccasins
  3 black bears
  A wolf (Lair:3)
  4 boggarts
  A centaur (D:9)
  A lemure (D:4)
  2 kobold brigands
  A gnoll sergeant (D:10)
  2 bullfrogs
  4 killer bees (D:10)
  A howler monkey (D:7)
  A centaur zombie (D:10)
  A hound (D:6)
  248 jellies
  17 orc priests
  An iguana (D:4)
  Natasha (D:4)
  6 orc wizards
  3 gnolls
  2 adders
  5 river rats (Sewer)
  An ufetubus (D:5)
  A dart slug (D:5)
  28 orcs
  A bat (D:1)
  4 endoplasms
  5 goblins (D:3)
  3 hobgoblins
  3 jackals (D:5)
  4 ball pythons
  24 kobolds
  6 rats
  8 foxfires
  80 fungi
  A lurking horror (Vaults:2)
  110 plants
  6 starspawn tentacles (Vaults:2)
  9 withered plants
649 creatures vanquished.

Grand Total: 1652 creatures vanquished

Notes
Turn   | Place    | Note
-------+----------+-------------------------------------------
     0 | D:1      | billz999 the Octopode Earth Elementalist began the quest
                  | for the Orb.
     0 | D:1      | Reached XP level 1. HP: 11/11 MP: 3/3
   230 | D:1      | Reached XP level 2. HP: 17/17 MP: 5/5
   270 | D:1      | Found a faded altar of an unknown god.
   329 | D:1      | Prayed at the altar of an unknown god.
   329 | D:1      | Became a worshipper of Jiyva Jolos the Shapeless
   329 | D:1      | Reached * piety under Jiyva
  1040 | D:2      | Reached ** piety under Jiyva
  1059 | D:2      | Reached XP level 3. HP: 21/21 MP: 4/6
  1064 | D:2      | Learned a level 3 spell: Stone Arrow
  1201 | D:2      | Reached skill level 5 in Stealth
  1201 | D:2      | Reached XP level 4. HP: 27/27 MP: 5/7
  2000 | D:2      | Found a sacrificial altar of Ru.
  2374 | D:3      | Reached *** piety under Jiyva
  2464 | D:3      | Reached XP level 5. HP: 31/31 MP: 6/8
  2550 | D:3      | Gained mutation: You have acidic saliva. [Jiyva's grace]
  2550 | D:3      | Gained mutation: You have a small jelly attached to you
                  | that may absorb projectiles. [Jiyva's grace]
  2550 | D:3      | Gained mutation: Armour fits poorly on your pseudopods.
                  | [Jiyva's grace]
  2550 | D:3      | Gained mutation: Armour fits poorly on your large
                  | pseudopods. [Jiyva's grace]
  2620 | D:3      | Found a glowing drain.
  2648 | D:3      | Noticed Robin
  2662 | D:3      | Killed Robin
  2667 | Sewer    | Entered a sewer
  2754 | Sewer    | Killed a kobold brigand
  2845 | Sewer    | Reached skill level 1 in Conjurations
  2938 | Sewer    | Learned a level 4 spell: Petrify
  3031 | Sewer    | Reached XP level 6. HP: 36/36 MP: 8/10
  3421 | D:4      | Noticed Pikel
  3431 | D:4      | Noticed Duvessa
  3437 | D:4      | Noticed Dowan
  3438 | D:4      | Noticed a black bear
  3520 | D:4      | Killed a black bear
  3596 | D:4      | Reached skill level 2 in Conjurations
  3711 | D:4      | Killed Natasha
  3712 | D:4      | Noticed Natasha
  3713 | D:4      | Killed Natasha
  3714 | D:4      | Reached XP level 7. HP: 41/41 MP: 6/12
  3934 | D:4      | Found a runed translucent gate.
  3934 | D:4      | Found a runed translucent gate.
  3935 | D:4      | Found a runed translucent gate.
  3977 | D:4      | Killed Pikel
  3978 | D:4      | Reached skill level 3 in Conjurations
  4002 | D:4      | Reached **** piety under Jiyva
  4043 | D:4      | Noticed Natasha
  4045 | D:4      | Killed Natasha
  4095 | D:4      | Noticed MakMorn's ghost (amateur AtFi)
  4095 | D:4      | Noticed Bediveer's ghost (amateur SpHs)
  4237 | D:4      | Killed Duvessa
  4241 | D:4      | Killed Dowan
  4242 | D:4      | Reached XP level 8. HP: 45/46 MP: 1/14
  4310 | D:4      | Reached skill level 4 in Conjurations
  4408 | D:5      | Entered Level 5 of the Dungeon
  4498 | D:5      | Reached ***** piety under Jiyva
  4660 | D:5      | Lost mutation: Armour fits poorly on your large pseudopods.
                  | [Jiyva's grace]
  4660 | D:5      | Gained mutation: One of your tentacles bears a spike.
                  | [Jiyva's grace]
  4660 | D:5      | Gained mutation: One of your tentacles bears a nasty spike.
                  | [Jiyva's grace]
  4660 | D:5      | Gained mutation: One of your tentacles bears a large
                  | vicious spike. [Jiyva's grace]
  4660 | D:5      | Gained mutation: Your pliable body absorbs attacks. (AC +2,
                  | EV +2) [Jiyva's grace]
  4885 | D:5      | Found a sparkling altar of Nemelex Xobeh.
  5247 | D:6      | Reached skill level 5 in Conjurations
  5247 | D:6      | Reached skill level 5 in Earth Magic
  5381 | D:6      | Found a staircase to the Ecumenical Temple.
  5661 | D:7      | Reached skill level 5 in Spellcasting
  5661 | D:7      | Reached skill level 5 in Transmutations
  5727 | D:7      | Reached skill level 6 in Conjurations
  5727 | D:7      | Reached XP level 9. HP: 51/51 MP: 14/16
  5788 | D:7      | Identified the +10 whip "Plog" {flame, Str+7 Int-4}
  5801 | D:7      | Noticed Joseph
  5809 | D:7      | Killed Joseph
  5811 | D:7      | Reached skill level 7 in Conjurations
  6074 | D:7      | Noticed a hornet
  6083 | D:7      | Killed a hornet
  6120 | D:7      | Reached ****** piety under Jiyva
  6215 | D:7      | Reached skill level 8 in Conjurations
  6405 | D:7      | Found a burning altar of Makhleb.
  6405 | D:7      | Found a shimmering blue altar of Sif Muna.
  6413 | D:7      | Found an ornate altar of the Wu Jian Council.
  6418 | D:7      | Reached XP level 10. HP: 56/56 MP: 19/19
  6424 | D:7      | Found a bloodstained altar of Trog.
  6426 | D:7      | Found a faded altar of an unknown god.
  6550 | D:8      | Lost mutation: You have a small jelly attached to you that
                  | may absorb projectiles. [Jiyva's grace]
  6550 | D:8      | Gained mutation: Your gelatinous body deflects attacks. (AC
                  | +3, EV +3) [Jiyva's grace]
  6550 | D:8      | Gained mutation: Your body has grown eyes which may confuse
                  | attackers. (Acc +3) [Jiyva's grace]
  6550 | D:8      | Gained mutation: Your body has grown many eyes which may
                  | confuse attackers. (Acc +5) [Jiyva's grace]
  6550 | D:8      | Gained mutation: Your body is covered in eyes which may
                  | confuse attackers. (Acc +7, SInv) [Jiyva's grace]
  6629 | D:8      | Found Ifyr's Antique Armour Emporium.
  6951 | D:8      | Reached skill level 9 in Conjurations
  6981 | D:8      | Found a staircase to the Lair.
  7301 | Lair:1   | Entered Level 1 of the Lair of Beasts
  7301 | Lair:1   | Noticed Erica
  7301 | Lair:1   | Found a gate leading to a gauntlet.
  7770 | D:9      | Reached skill level 10 in Conjurations
  7911 | D:9      | Found a radiant altar of Vehumet.
  8266 | D:9      | Noticed Prince Ribbit
  8271 | D:9      | Killed Prince Ribbit
  8621 | D:8      | Killed Erica
  8622 | D:8      | Reached XP level 11. HP: 46/61 MP: 13/22
  8649 | D:8      | Found a staircase to the Lair.
  8800 | D:8      | Found Ifyr's Antique Armour Emporium.
  9066 | Lair:1   | Reached skill level 11 in Conjurations
  9354 | Lair:1   | Noticed Maggie
  9370 | Lair:1   | Killed Maggie
  9402 | Lair:1   | Lost mutation: Your body is covered in eyes which may
                  | confuse attackers. (Acc +7, SInv) [Jiyva's grace]
  9402 | Lair:1   | Lost mutation: Your gelatinous body deflects attacks. (AC
                  | +3, EV +3) [Jiyva's grace]
  9402 | Lair:1   | Gained mutation: You are partially covered in iridescent
                  | scales. (AC +2) [Jiyva's grace]
  9402 | Lair:1   | Gained mutation: You are mostly covered in iridescent
                  | scales. (AC +4) [Jiyva's grace]
  9402 | Lair:1   | Gained mutation: You are completely covered in iridescent
                  | scales. (AC +6) [Jiyva's grace]
  9402 | Lair:1   | Gained mutation: Armour fits poorly on your large
                  | pseudopods. [Jiyva's grace]
  9486 | Lair:1   | Reached skill level 1 in Fighting
  9669 | Lair:1   | Learned a level 7 spell: Orb of Destruction
 10186 | Lair:2   | Reached skill level 12 in Conjurations
 10748 | Lair:3   | Found a hole to the Spider Nest.
 10805 | Lair:3   | Reached XP level 12. HP: 72/72 MP: 24/24
 10846 | Lair:3   | Lost mutation: One of your tentacles bears a large vicious
                  | spike. [Jiyva's grace]
 10846 | Lair:3   | Lost mutation: One of your tentacles bears a nasty spike.
                  | [Jiyva's grace]
 10846 | Lair:3   | Lost mutation: You are completely covered in iridescent
                  | scales. (AC +6) [Jiyva's grace]
 10846 | Lair:3   | Gained mutation: You are robust. (+10% HP) [Jiyva's grace]
 10846 | Lair:3   | Gained mutation: You are very robust. (+20% HP) [Jiyva's
                  | grace]
 10846 | Lair:3   | Gained mutation: You are extremely robust. (+30% HP)
                  | [Jiyva's grace]
 10846 | Lair:3   | Gained mutation: You are agile. (Dex +4, Str/Int -1)
                  | [Jiyva's grace]
 10848 | Lair:3   | Noticed a catoblepas
 10861 | Lair:3   | Noticed a boulder beetle
 10984 | Lair:2   | Reached skill level 13 in Conjurations
 11011 | Lair:3   | Killed a catoblepas
 11238 | Lair:3   | Killed a boulder beetle
 11239 | Lair:3   | Reached skill level 5 in Fighting
 11279 | Lair:3   | Found a staircase to the Swamp.
 11410 | Lair:3   | Found a snail-covered altar of Cheibriados.
 11557 | Lair:4   | Noticed a boulder beetle
 11603 | Lair:4   | Found a viscous altar of Jiyva.
 11603 | Lair:4   | Found a staircase to the Slime Pits.
 11611 | Slime:1  | Entered Level 1 of the Pits of Slime
 11611 | Slime:1  | Noticed an azure jelly
 11617 | Slime:1  | Noticed an acid blob
 11618 | Slime:1  | Noticed a rockslime
 11622 | Slime:2  | Noticed an acid blob
 11635 | Slime:4  | Noticed an acid blob
 11643 | Slime:5  | Entered Level 5 of the Pits of Slime
 11643 | Slime:5  | Noticed an acid blob
 11659 | Slime:5  | Found a viscous altar of Jiyva.
 11659 | Slime:5  | Noticed an acid blob
 11660 | Slime:5  | Noticed an acid blob
 11662 | Slime:5  | Noticed a great orb of eyes
 11662 | Slime:5  | Noticed an acid blob
 11663 | Slime:5  | Noticed the Royal Jelly
 11663 | Slime:5  | Noticed a rockslime
 11664 | Slime:5  | Identified the +9 flail of Ystresmo {venom, Dex+3}
 11665 | Slime:5  | Noticed a quicksilver ooze
 11668 | Slime:5  | Noticed a rockslime
 11670 | Slime:5  | Got the Textbook on Confrontation and the Chill
 11672 | Slime:5  | Got the Vellum of Accompaniment
 11675 | Slime:5  | Noticed an acid blob
 11680 | Slime:5  | Identified the +4 trident of Gallantry {venom, Int+3 Dex+4}
 11681 | Slime:5  | Identified the +7 great sword "Byniheff" {flame, Contam
                  | +Blink SInv}
 11684 | Slime:5  | Got the Atlas of Airy Bewitchment
 11696 | Slime:5  | Got a slimy rune of Zot
 11707 | Slime:5  | Identified the +1 leather armour of the Locust {rPois rN+
                  | Dex+2}
 11736 | Slime:5  | Noticed a quicksilver ooze
 11788 | Slime:5  | Noticed an acid blob
 11819 | Slime:1  | Noticed an acid blob
 12035 | Lair:4   | Killed a boulder beetle
 12241 | Lair:4   | Reached skill level 14 in Conjurations
 12392 | Lair:5   | Entered Level 5 of the Lair of Beasts
 12423 | Lair:5   | Reached skill level 10 in Spellcasting
 12503 | Lair:5   | Noticed a death yak
 12505 | Lair:5   | Noticed a death yak
 12507 | Lair:5   | Noticed a death yak
 12837 | Lair:3   | Killed a death yak
 13120 | Lair:4   | Reached XP level 13. HP: 105/105 MP: 27/27
 13299 | Lair:5   | Reached skill level 15 in Conjurations
 13323 | Lair:5   | Learned a level 7 spell: Spellforged Servitor
 13333 | Lair:5   | Reached skill level 1 in Summonings
 13651 | Lair:5   | Noticed Snorg
 13657 | Lair:5   | Killed Snorg
 13774 | Lair:5   | Found the +8 mithril axe "Arga" {speed, Will+}
 13925 | Lair:5   | Reached skill level 5 in Summonings
 14160 | Lair:5   | Gained mutation: You passively map a small area around you.
                  | [Jiyva's grace]
 14160 | Lair:5   | Gained mutation: You passively map the area around you.
                  | [Jiyva's grace]
 14160 | Lair:5   | Gained mutation: You passively map a large area around you.
                  | [Jiyva's grace]
 14160 | Lair:5   | Gained mutation: You have a small jelly attached to you
                  | that may absorb projectiles. [Jiyva's grace]
 14243 | Lair:5   | Identified the +6 long sword of the Fae God {vorpal, rElec
                  | Int+3 SInv}
 14520 | Lair:5   | Reached XP level 14. HP: 114/114 MP: 5/28
 14730 | Lair:5   | Reached skill level 16 in Conjurations
 15730 | D:10     | Entered Level 10 of the Dungeon
 16533 | D:10     | Found a staircase to the Orcish Mines.
 17179 | D:11     | Lost mutation: You passively map a large area around you.
                  | [Jiyva's grace]
 17179 | D:11     | Lost mutation: You are extremely robust. (+30% HP) [Jiyva's
                  | grace]
 17179 | D:11     | Lost mutation: You have acidic saliva. [Jiyva's grace]
 17179 | D:11     | Lost mutation: You have a small jelly attached to you that
                  | may absorb projectiles. [Jiyva's grace]
 17179 | D:11     | Gained mutation: You are completely covered in iridescent
                  | scales. (AC +6) [Jiyva's grace]
 17179 | D:11     | Gained mutation: You are strong-willed. (Will+) [Jiyva's
                  | grace]
 17179 | D:11     | Gained mutation: You are highly strong-willed. (Will++)
                  | [Jiyva's grace]
 17179 | D:11     | Gained mutation: You are extremely strong-willed. (Will+++)
                  | [Jiyva's grace]
 17341 | D:11     | Identified the +1 cloak of Lust {Drain rPois rC+ Regen+}
 17434 | D:11     | Reached skill level 10 in Summonings
 17483 | D:11     | Identified the +2 dagger of Strategic Superiority {speed,
                  | rC++ SInv}
 17853 | D:12     | Identified the +7 quarterstaff of the Mind {spect, Contam
                  | Str+7}
 18445 | D:12     | Found a broken altar of Ashenzari.
 18462 | D:12     | You are sucked into a shaft and drop 2 floors!
 18491 | D:14     | Found an ornate altar of the Wu Jian Council.
 18658 | D:14     | Noticed Rupert
 18660 | D:14     | Reached XP level 15. HP: 92/116 MP: 7/30
 18667 | D:14     | Killed Rupert
 18751 | D:14     | Found a gate to the Vaults.
 18816 | D:14     | Lost mutation: You are completely covered in iridescent
                  | scales. (AC +6) [Jiyva's grace]
 18816 | D:14     | Lost mutation: You are extremely strong-willed. (Will+++)
                  | [Jiyva's grace]
 18816 | D:14     | Lost mutation: You are highly strong-willed. (Will++)
                  | [Jiyva's grace]
 18816 | D:14     | Lost mutation: You are very robust. (+20% HP) [Jiyva's
                  | grace]
 18816 | D:14     | Lost mutation: Your body has grown many eyes which may
                  | confuse attackers. (Acc +5) [Jiyva's grace]
 18816 | D:14     | Gained mutation: You have hidden genetic potential.
                  | [Jiyva's grace]
 18816 | D:14     | Gained mutation: You have great hidden genetic potential.
                  | [Jiyva's grace]
 18816 | D:14     | Gained mutation: You have a small jelly attached to you
                  | that may absorb projectiles. [Jiyva's grace]
 18816 | D:14     | Gained mutation: Your gelatinous body deflects attacks. (AC
                  | +3, EV +3) [Jiyva's grace]
 19189 | D:13     | Found Deadday's Antique Armour Shoppe.
 19363 | D:13     | Found a portal to a secret trove of treasure.
 19566 | D:13     | Identified the amulet of Elyvilon's Benevolence {RegenMP
                  | rElec Will+}
 19582 | D:13     | Reached skill level 1 in Shields
 19863 | D:12     | Found Syoro's General Store.
 20086 | D:15     | Entered Level 15 of the Dungeon
 20304 | D:15     | Lost mutation: You are agile. (Dex +4, Str/Int -1) [Jiyva's
                  | grace]
 20304 | D:15     | Lost mutation: You have great hidden genetic potential.
                  | [Jiyva's grace]
 20304 | D:15     | Gained mutation: Your natural rate of healing is unusually
                  | fast. [Jiyva's grace]
 20304 | D:15     | Gained mutation: You heal very quickly. [Jiyva's grace]
 20304 | D:15     | Gained mutation: You regenerate. [Jiyva's grace]
 20304 | D:15     | Gained mutation: Your body has grown many eyes which may
                  | confuse attackers. (Acc +5) [Jiyva's grace]
 20384 | D:15     | Found a staircase to the Depths.
 20692 | D:15     | Found a runed translucent door.
 20712 | D:15     | Reached skill level 5 in Shields
 21393 | D:15     | Noticed Azrael
 21403 | D:15     | Killed Azrael
 21567 | Orc:1    | Entered Level 1 of the Orcish Mines
 21882 | Orc:2    | Entered Level 2 of the Orcish Mines
 22232 | Orc:2    | Found Cucosi's Firing Range.
 22329 | Orc:2    | Bought the +6 triple crossbow of Unreason {flame, Fragile
                  | Str+2 Int+3 Dex+3} for 860 gold pieces
 22617 | Orc:2    | Lost mutation: You are strong-willed. (Will+) [Jiyva's
                  | grace]
 22617 | Orc:2    | Lost mutation: You passively map the area around you.
                  | [Jiyva's grace]
 22617 | Orc:2    | Lost mutation: You are robust. (+10% HP) [Jiyva's grace]
 22617 | Orc:2    | Lost mutation: Your gelatinous body deflects attacks. (AC
                  | +3, EV +3) [Jiyva's grace]
 22617 | Orc:2    | Lost mutation: You have a small jelly attached to you that
                  | may absorb projectiles. [Jiyva's grace]
 22617 | Orc:2    | Gained mutation: You possess an exceptional clarity of
                  | mind. [Jiyva's grace]
 22617 | Orc:2    | Gained mutation: You are covered in slimy tendrils that may
                  | disarm your opponents. [Jiyva's grace]
 22617 | Orc:2    | Gained mutation: Your flesh is cold resistant. (rC+)
                  | [Jiyva's grace]
 22617 | Orc:2    | Gained mutation: Your flesh is very cold resistant. (rC++)
                  | [Jiyva's grace]
 22641 | Orc:2    | Found Dobbat's Antique Armour Shop.
 22685 | Orc:2    | Found Eteuke's Antique Weapon Shop.
 22685 | Orc:2    | Found Ushrask's Weapon Emporium.
 22738 | Orc:2    | Found Naill's General Store.
 22738 | Orc:2    | Found Kaaf's Weapon Emporium.
 22812 | Orc:2    | Found a staircase to the Elven Halls.
 22972 | Orc:1    | Noticed Jorgrun
 22983 | Orc:1    | Noticed Fannar
 23046 | Orc:2    | Killed Fannar
 23091 | Orc:1    | Killed Jorgrun
 23394 | Swamp:1  | Entered Level 1 of the Swamp
 23575 | Swamp:1  | Reached XP level 16. HP: 104/104 MP: 31/31
 23642 | Swamp:1  | Reached skill level 10 in Shields
 23740 | Swamp:1  | Gained mutation: You are completely covered in iridescent
                  | scales. (AC +6) [hidden potential]
 24176 | Swamp:2  | Noticed Aizul
 24180 | Swamp:2  | Killed Aizul
 24602 | Swamp:2  | Lost mutation: You possess an exceptional clarity of mind.
                  | [Jiyva's grace]
 24602 | Swamp:2  | Lost mutation: Your flesh is very cold resistant. (rC++)
                  | [Jiyva's grace]
 24602 | Swamp:2  | Lost mutation: You regenerate. [Jiyva's grace]
 24602 | Swamp:2  | Lost mutation: Your pliable body absorbs attacks. (AC +2,
                  | EV +2) [Jiyva's grace]
 24602 | Swamp:2  | Lost mutation: Armour fits poorly on your large pseudopods.
                  | [Jiyva's grace]
 24602 | Swamp:2  | Lost mutation: Armour fits poorly on your pseudopods.
                  | [Jiyva's grace]
 24602 | Swamp:2  | Gained mutation: Your mind is acute. (Int +4, Str/Dex -1)
                  | [Jiyva's grace]
 24602 | Swamp:2  | Gained mutation: Your mind is very acute. (Int +8, Str/Dex
                  | -2) [Jiyva's grace]
 24602 | Swamp:2  | Gained mutation: Armour fits poorly on your pseudopods.
                  | [Jiyva's grace]
 24602 | Swamp:2  | Gained mutation: Armour fits poorly on your large
                  | pseudopods. [Jiyva's grace]
 24777 | Swamp:3  | Reached skill level 1 in Long Blades
 25035 | Swamp:3  | Noticed a fenstrider witch
 25038 | Swamp:3  | Paralysed by a fenstrider witch for 5 turns
 25044 | Swamp:3  | Killed a fenstrider witch
 25358 | Swamp:4  | Entered Level 4 of the Swamp
 25358 | Swamp:4  | Noticed a thorn hunter
 25366 | Swamp:3  | Killed a thorn hunter
 26016 | Swamp:4  | Noticed a thorn hunter
 26022 | Swamp:4  | Killed a thorn hunter
 26137 | Swamp:4  | Reached skill level 10 in Fighting
 26535 | Swamp:4  | Reached XP level 17. HP: 115/115 MP: 32/33
 26644 | Swamp:4  | Got a decaying rune of Zot
 26876 | Vaults:1 | Entered Level 1 of the Vaults
 26881 | Vaults:1 | Lost mutation: Your mind is very acute. (Int +8, Str/Dex
                  | -2) [Jiyva's grace]
 26881 | Vaults:1 | Lost mutation: Your body has grown many eyes which may
                  | confuse attackers. (Acc +5) [Jiyva's grace]
 26881 | Vaults:1 | Lost mutation: Armour fits poorly on your large pseudopods.
                  | [Jiyva's grace]
 26881 | Vaults:1 | Gained mutation: You are robust. (+10% HP) [Jiyva's grace]
 26881 | Vaults:1 | Gained mutation: You are very robust. (+20% HP) [Jiyva's
                  | grace]
 26881 | Vaults:1 | Gained mutation: You are extremely robust. (+30% HP)
                  | [Jiyva's grace]
 26881 | Vaults:1 | Gained mutation: Armour fits poorly on your large
                  | pseudopods. [Jiyva's grace]
 27062 | Vaults:1 | Learned a level 5 spell: Lee's Rapid Deconstruction
 27069 | Vaults:1 | Learned a level 6 spell: Statue Form
 27093 | Vaults:1 | Noticed Asterion
 27105 | Vaults:1 | Killed Asterion
 27118 | Vaults:1 | Noticed Zenata
 27119 | Vaults:1 | HP: 4/150 [Zenata/+3 bardiche (13)]
 27120 | Vaults:1 | Gained mutation: You are agile. (Dex +4, Str/Int -1)
                  | [hidden potential]
 27120 | Vaults:1 | Lost mutation: You have hidden genetic potential. [hidden
                  | potential expressed]
 27407 | Vaults:1 | Killed Zenata
 27503 | Vaults:1 | Reached skill level 10 in Transmutations
 28188 | Vaults:2 | Reached skill level 5 in Long Blades
 28484 | Vaults:2 | Reached XP level 18. HP: 158/158 MP: 27/34
 28705 | Spider:1 | Entered Level 1 of the Spider Nest
 29842 | Spider:2 | Reached skill level 10 in Earth Magic
 29876 | Spider:2 | Noticed Louise
 29889 | Spider:2 | Killed Louise
 30398 | Spider:3 | Lost mutation: You are completely covered in iridescent
                  | scales. (AC +6) [Jiyva's grace]
 30398 | Spider:3 | Lost mutation: You heal very quickly. [Jiyva's grace]
 30398 | Spider:3 | Lost mutation: Your natural rate of healing is unusually
                  | fast. [Jiyva's grace]
 30398 | Spider:3 | Lost mutation: You are covered in slimy tendrils that may
                  | disarm your opponents. [Jiyva's grace]
 30398 | Spider:3 | Gained mutation: You have acidic saliva. [Jiyva's grace]
 30398 | Spider:3 | Gained mutation: Your muscles are strong. (Str +4, Int/Dex
                  | -1) [Jiyva's grace]
 30398 | Spider:3 | Gained mutation: Your muscles are very strong. (Str +8,
                  | Int/Dex -2) [Jiyva's grace]
 30398 | Spider:3 | Gained mutation: You are covered in slimy tendrils that may
                  | disarm your opponents. [Jiyva's grace]
 30636 | Spider:4 | Entered Level 4 of the Spider Nest
 31541 | Spider:4 | Reached XP level 19. HP: 165/165 MP: 18/36
 32078 | Spider:4 | Got a gossamer rune of Zot
 32692 | Vaults:2 | Noticed a profane servitor
 32704 | Vaults:2 | Found a transporter.
 32714 | Vaults:2 | Identified the amulet "Girryb Lulyi" {Faith rN+ Regen+
                  | Str+2 Slay-5}
 32714 | Vaults:2 | Noticed Ygreuj's ghost (veteran DsFi)
 32716 | Vaults:2 | Found a one-way gate to the infinite horrors of the Abyss.
 32729 | Vaults:2 | Found a transporter.
 32739 | Vaults:2 | Noticed a Hell Sentinel
 32810 | Vaults:2 | Identified the ring "Jesom" {Fly Dex+6}
 32813 | Vaults:2 | Identified the +8 hand axe of Sudden Death {spect, rF+
                  | Int-5 SInv}
 33117 | Vaults:3 | Found Qyampony's Distillery.
 33121 | Vaults:3 | Bought a potion of haste for 130 gold pieces
 33266 | Vaults:3 | Was placed under penance by Jiyva
 33619 | Vaults:2 | Killed a profane servitor
 33620 | Vaults:2 | Reached skill level 15 in Earth Magic
 33621 | Vaults:2 | Killed from afar by a Hell Sentinel

Illustrated notes

Levels and vault maps discovered:
D:1:      dpeg_arrival_round_c, layout_basic, shapermc_ecumenical_altar_petra,
          minmay_lizard_pond
D:2:      layout_loops_cross, basic_altar
D:3:      layout_basic, portal_sewer_entry_a, uniq_robin
D:4:      layout_cave_pools, gammafunk_ghost_cemetery, st_stairs_8,
          minmay_misc_feat_five, grunt_ministairs_10, uniq_pikel, uniq_duvessa,
          uniq_natasha
D:5:      layout_basic, mainiacjoe_overflow_surrounded_room
D:6:      layout_rooms, temple_doors_e
D:7:      layout_loops_ring, chequers_temple_overflow_minitemple, uniq_joseph
D:8:      layout_basic, lair_entry_dummy, serial_shops, shop_fountains,
          kennysheep_cross_bottleneck
D:9:      layout_basic, vehumet_crystals, nicolae_figureground_sparkle,
          uniq_prince_ribbit1
D:10:     layout_basic, orc_0_dummy, serial_undead, serial_undead_c,
          serial_undead_d, serial_undead_d, serial_undead_f,
          minmay_pinched_square
D:11:     layout_basic
D:12:     layout_roguey, serial_shops, shop, cheibrodos_ashenzari_chains
D:13:     layout_basic, serial_shops, shop, nicolae_trove_entry_path_of_doom
D:14:     layout_basic, david_vaults_3, nzn_wu_jian_council_hall
D:15:     grunt_enter_depths_magical_seal, layout_long_grid, dk_noncrumbling_3,
          minmay_st_funbox, uniq_azrael
Lair:1:   layout_cave_shapes, gauntlet_entry_generic, uniq_maggie, uniq_erica
Lair:2:   layout_cave_pods, beast_lair_carwin_9
Lair:3:   layout_misc_corridors, skrybe_swamp_entry_bodies,
          spider_nest_entry_rubble, kennysheep_snail_temple, grunt_megastairs_4
Lair:4:   layout_misc_corridors, minmay_slime_entry_eyes
Lair:5:   minmay_lair_end_enchanted_forest, layout_small_grid,
          nicolae_lair_grazing_beasts [nicolae_sub_lair_graze_edge,
          nicolae_sub_lair_graze_edge, nicolae_sub_lair_graze_edge,
          nicolae_sub_lair_graze_edge], grunt_megastairs_3, uniq_snorg
Swamp:1:  layout_basic_swamp, evilmike_swamp_ruin_house_4
Swamp:2:  layout_basic_swamp, evilmike_swamp_ruin_house_1, swamp_pool3,
          uniq_aizul
Swamp:3:  layout_basic_swamp, serial_swamp_ruin, hangedman_swamp_ruin_hall,
          evilmike_swamp_ruin_rubble_1, evilmike_swamp_ruin_rubble_2,
          swamp_pool2, infiniplex_staircase_pool
Swamp:4:  swamp, layout_basic_swamp, swamp_pool4
Spider:1: layout_spider_delve, nicolae_spider_paper_wasps
Spider:2: layout_spider_delve, drop_trap, uniq_louise
Spider:3: layout_spider_delve
Spider:4: grunt_spider_rune_circles
Slime:1:  layout_caves
Slime:2:  layout_caves, nicolae_slime_phagocytosis
Slime:3:  layout_caves, special_room [special_room_jelly]
Slime:4:  layout_caves
Slime:5
Orc:1:    layout_caves, uniq_fannar, uniq_jorgrun
Orc:2:    st_orc_town, layout_caves, serial_shops, nicolae_shop_statue_plus,
          nicolae_shop_firing_range
Vaults:1: v_misc_31, nicolae_vaults_ninety_degrees, ontoclasm_vaults_misaligned,
          hangedman_vaults_trim, hangedman_vaults_restitches,
          nicolae_vaults_little_squares_3, ontoclasm_vaults_ring_large,
          v_alt_pattern_3, ontoclasm_vaults_hangar, layout_vaults_omnicross,
          uniq_zenata, uniq_asterion
Vaults:2: gammafunk_ghost_abyssal_escape, v_misc_4,
          nicolae_vaults_little_squares_4, v_misc_18,
          nicolae_vaults_three_branches, vaults_room_stairs_pillars, v_misc_28,
          nicolae_vaults_yaktaur_gun_rack, grunt_vaults_hallway_long, v_misc_25,
          nicolae_vaults_sealed_display, vaults_room_hangedman_quadrants,
          layout_vaults_big_room
Vaults:3: vaults_mumra_chevron_long, v_alt_pattern_3,
          minmay_crypt_entry_simple_sparse, hangedman_vaults_capsules,
          nicolae_vaults_circle_grid_b, vaults_room_boxed, vaults_room_grid,
          vaults_dpeg_cross, hangedman_vaults_stretched_pinwheel,
          ontoclasm_vaults_ligature, vaults_dpeg_spiral,
          nicolae_vaults_little_squares_3, layout_vaults_ring, serial_shops,
          nicolae_shop_crystal

Skill      XL: |  1  2  3  4  5  6  7  8  9 10 11 12 13 14 15 16 17 18 19 |
---------------+----------------------------------------------------------+-----
Stealth        | 3 4 5 |  5.5
Transmutations | 2 3 4 5 6 7 11 | 11.0
Conjurations   | 1 2 3 6 8 10 12 14 15 16 | 16.1
Spellcasting   | 3 4 5 6 7 8 10 11 12 13 | 13.4
Earth Magic    | 4 5 6 7 8 13 15 | 15.0
Fighting       | 3 5 7 10 | 10.4
Summonings     | 7 11 | 11.8
Shields        | 9 12 | 12.0
Long Blades    | 4 5 6 |  6.7
Dodging        | 3 4 |  4.5

Action                   |  1- 3 |  4- 6 |  7- 9 | 10-12 | 13-15 | 16-18 | 19-21 || total
-------------------------+-------+-------+-------+-------+-------+-------+-------++-------
Melee: Dagger            |    17 |    24 |     4 |    39 |       |       |       ||    84
       Constrict         |     4 |     5 |       |    12 |    13 |     4 |       ||    38
       Unarmed           |     1 |       |       |       |       |       |       ||     1
       Tentacles         |     1 |     2 |       |    22 |    31 |    13 |     8 ||    77
       Punch             |     1 |       |       |     2 |     1 |     3 |     1 ||     8
       Pseudopods        |       |     7 |     1 |    27 |    32 |    16 |     5 ||    88
       Bite              |       |     4 |       |    11 |     4 |     8 |     1 ||    28
       Kick              |       |       |     1 |    31 |    46 |    23 |     8 ||   109
       Whip              |       |       |       |    25 |       |       |       ||    25
       Trident           |       |       |       |     2 |    12 |       |       ||    14
       Long sword        |       |       |       |       |    77 |    47 |    16 ||   140
 Cast: Sandblast         |    26 |    98 |    37 |    53 |   127 |   204 |    21 ||   566
       Stone Arrow       |       |    12 |    78 |   255 |   146 |   231 |    27 ||   749
       Petrify           |       |       |       |    27 |     5 |       |       ||    32
       Orb of Destructio |       |       |       |     3 |   242 |   158 |    31 ||   434
       Spellforged Servi |       |       |       |       |    31 |   102 |    18 ||   151
       Statue Form       |       |       |       |       |       |    39 |    10 ||    49
       Lee's Rapid Decon |       |       |       |       |       |     4 |     2 ||     6
Invok: Oozemancy         |       |       |       |       |     3 |    10 |     1 ||    14
 Abil: End Transformatio |       |       |       |       |       |     1 |       ||     1
Evoke: Wand              |       |       |       |    11 |     1 |     3 |     2 ||    17
       Condenser vane    |       |       |       |       |     1 |     3 |     1 ||     5
  Use: Potion            |       |     1 |       |     7 |       |     9 |     4 ||    21
       Scroll            |       |       |       |    10 |     3 |     6 |    12 ||    31
 Stab: Sleeping          |     6 |     4 |     1 |     3 |     1 |     3 |     1 ||    19
       Petrified         |       |       |       |    16 |       |       |       ||    16
       Confused          |       |       |       |     4 |     4 |       |     1 ||     9
       Petrifying        |       |       |       |     1 |       |       |       ||     1
Armor: Skin              |     1 |     6 |     5 |    51 |   122 |   509 |   187 ||   881
Dodge: Dodged            |    17 |    41 |    19 |   180 |   298 |   447 |   114 ||  1116
Block: Kite shield       |       |       |       |       |       |   474 |   140 ||   614

Table legend: (Time is in decaauts)
 A = Elapsed time spent in this place.
 B = Non-inter-level travel time spent in this place.
 C = Inter-level travel time spent in this place.
 D = Time resting spent in this place.
 E = Time spent auto-exploring this place.
 F = Levels seen in this place.
 G = Mean time per level.
                   A        B        C        D        E       F      G
               +--------+--------+--------+--------+--------+-----+--------+
         Total |  35205 |  32122 |   3083 |   6855 |  18966 |  39 |  902.7 |
       Dungeon |  14975 |  13496 |   1479 |   2219 |   9427 |  15 |  998.3 |
          Lair |   6594 |   5906 |    688 |   1879 |   2743 |   5 | 1318.8 |
         Swamp |   3386 |   3247 |    139 |    893 |   1800 |   4 |  846.5 |
   Spider Nest |   4403 |   4194 |    209 |    941 |   2040 |   4 | 1100.8 |
    Slime Pits |    214 |     49 |    165 |      0 |     29 |   5 |   42.8 |
  Orcish Mines |   1734 |   1603 |    131 |    310 |    916 |   2 |  867.0 |
        Vaults |   3336 |   3067 |    269 |    492 |   1782 |   3 | 1112.0 |
         Sewer |    559 |    559 |      0 |    121 |    229 |   1 |  559.0 |
               +--------+--------+--------+--------+--------+-----+--------+

Top non-repeatable levels by time:
  Lair:5: 2297 daAuts
Spider:4: 1931 daAuts
Vaults:2: 1681 daAuts
    D:10: 1570 daAuts
     D:8: 1464 daAuts
Vaults:1: 1441 daAuts
    D:15: 1384 daAuts
 Swamp:4: 1266 daAuts
     D:2: 1251 daAuts
  Lair:2: 1229 daAuts
   Orc:2: 1221 daAuts
  Lair:4: 1173 daAuts
     D:4: 1112 daAuts
Spider:1: 1073 daAuts
     D:9: 1071 daAuts
